 Dungeon Crawl Stone Soup version 0.31.0-12-g77e489cdc1 (webtiles) character file.

Game seed: 275888292896351710

366 hawla the Chopper (level 6, -5/51 HPs)
             Began as a Minotaur Fighter on Feb 20, 2024.
             Slain by an ogre
             ... wielding a +0 giant club
              (12 damage)
             ... on level 4 of the Dungeon.
             The game lasted 00:03:43 (2374 turns).

hawla the Chopper (Minotaur Fighter)                Turns: 2374, Time: 00:03:44

Health: -5/51      AC:  9    Str: 23    XL:     6   Next: 40%
Magic:  5/5        EV: 10    Int:  5    God:
Gold:   146        SH:  5    Dex: 15    Spells: 5/5 levels left

rFire   . . .        a - +0 war axe
rCold   . . .        c - +0 buckler
rNeg    . . .        n - +0 chain mail
rPois   .            (helmet restricted)
rElec   .            (no cloak)
rCorr   .            (no gloves)
SInv    .            (no boots)
Will    +....        g - amulet of faith Stlth
                     j - ring of willpower
HPRegen 0.28/turn    e - +6 ring of dexterity
MPRegen 0.09/turn

%: faith
@: no status effects
A: horns 2, retaliatory headbutt
a: no special abilities


You were on level 4 of the Dungeon.
You visited 1 branch of the dungeon, and saw 4 of its levels.

You collected 146 gold pieces.

Inventory:

Hand Weapons
 a - a +0 war axe (weapon)
Missiles
 k - 6 poisoned darts (quivered)
Armour
 c - a +0 buckler (worn)
 n - a +0 chain mail (worn)
Jewellery
 e - a +6 ring of dexterity (right hand)
 g - an amulet of faith (around neck)
 j - a ring of willpower (left hand)
Scrolls
 f - a scroll of identify
 h - 2 scrolls of teleportation {unknown}
 m - a scroll of revelation
Potions
 b - a potion of ambrosia {unknown}
 d - a potion of might
 i - 3 potions of enlightenment {unknown}
 l - 2 potions of degeneration {unknown}


   Skills:
 - Level 3.6 Fighting
 + Level 6.0 Axes
 - Level 3.6 Armour
 - Level 5.0 Dodging
 - Level 3.6 Shields


You had 5 spell levels left.
You didn't know any spells.
Your spell library was empty.

Dungeon Overview and Level Annotations

Branches:
Dungeon (4/15)
 Temple: D:4-7

Altars:
Qazlal
Wu Jian


Innate Abilities, Weirdness & Mutations

You have a pair of horns on your head.
You reflexively headbutt those who attack you in melee.


Message History

A hound is nearby!
A hound comes into view.
The hound barks!
You barely miss the hound. The hound bites you. The hound misses you.
You miss the hound. You headbutt the hound.
The hound is moderately wounded.
The hound bites you but does no damage. You block the hound's attack.
You closely miss the hound. Your headbutt misses the hound.
The hound is moderately wounded.
You block the hound's attack.
The hound bites you but does no damage. x2
You miss the hound.
The hound is moderately wounded.
You barely miss the hound. The hound barely misses you.
You furiously retaliate!
You headbutt the hound! The hound bites you. You block the hound's attack.
The hound bites you but does no damage.
You slash the hound!
You kill the hound!
You closely miss the hound. You block the hound's attack.
You slash the hound!
You kill the hound!
An ogre comes into view. It is wielding a +0 giant club.
Your Axes skill increases to level 6!
The ogre shouts!
The ogre closely misses you.
You barely miss the ogre. You slash the ogre!
The ogre is heavily wounded.
The ogre closely misses you.
You closely miss the ogre.
The ogre is heavily wounded.
The ogre hits you with a +0 giant club!!
You are too injured to fight recklessly!
You hit the ogre but do no damage.
The ogre is heavily wounded.
The ogre hits you with a +0 giant club!
* * * LOW HITPOINT WARNING * * *
You hit the ogre.
The ogre is heavily wounded.
The ogre hits you with a +0 giant club!
You die...

......#... #.#
#.#....... #.#
..#.....## # #.#
#.#......### #. #.#
#.#......... ##.. #.#
#.#....<.### ....
#.###.#........#
####..###.#..........###
......O@................
###....!............####
............###.#.#.#
###########.# #.#.#.#
### #######


You could see an ogre.

Vanquished Creatures
  Menkaure (D:4)
  An ice beast (D:3)
  2 hounds (D:4)
  An orc wizard (D:3)
  3 adders
  A dart slug (D:1)
  3 orcs (D:3)
  3 endoplasms
  2 giant cockroaches (D:1)
  5 goblins
  3 hobgoblins
  A quokka (D:1)
  3 ball pythons
  6 bats
  19 frilled lizards
  6 kobolds
  5 rats
65 creatures vanquished.

Notes
Turn   | Place    | Note
-------+----------+-------------------------------------------
     0 | D:1      | hawla the Minotaur Fighter began the quest for the Orb.
     0 | D:1      | Reached XP level 1. HP: 19/19 MP: 0/0
    20 | D:1      | Reached skill level 1 in Dodging
   124 | D:1      | Reached XP level 2. HP: 26/26 MP: 1/1
   825 | D:2      | Reached XP level 3. HP: 25/31 MP: 2/2
  1362 | D:3      | Found an ornate altar of the Wu Jian Council.
  1677 | D:3      | Reached XP level 4. HP: 39/39 MP: 3/3
  1735 | D:3      | Found a stormy altar of Qazlal.
  1838 | D:3      | Noticed an ice beast
  1850 | D:3      | Killed an ice beast
  1851 | D:3      | Reached skill level 5 in Dodging
  1851 | D:3      | Reached skill level 3 in Axes
  1851 | D:3      | Reached XP level 5. HP: 20/45 MP: 4/4
  1861 | D:3      | Reached skill level 4 in Axes
  1994 | D:3      | Found a faded altar of an unknown god.
  2293 | D:4      | Noticed Menkaure
  2298 | D:4      | Killed Menkaure
  2299 | D:4      | Reached skill level 5 in Axes
  2299 | D:4      | Reached XP level 6. HP: 37/51 MP: 5/5
  2367 | D:4      | Reached skill level 6 in Axes
  2374 | D:4      | Slain by an ogre

Illustrated notes

Levels and vault maps discovered:
D:1:      roderic_chinese_lattice_arrival, layout_basic, item_on_display_a
D:2:      layout_rooms, minivault_11
D:3:      layout_loops_corners, mainiacjoe_overflow_paths,
          mainiacjoe_overflow_small_starburst, shapermc_ecumenical_altar_petra,
          minmay_lizard_king
D:4:      layout_basic, trog_book, minmay_temple_entry_junction,
          kennysheep_pointless_box, uniq_menkaure, uniq_sigmund

Skill      XL: |  1  2  3  4  5  6 |
---------------+-------------------+-----
Dodging        | 1 3 4 5 |  5.0
Axes           | 3 5 6 |  6.0
Fighting       | |  3.6
Armour         | |  3.6
Shields        | |  3.6

Action                     |  1- 3 |  4- 6 || total
---------------------------+-------+-------++-------
  Melee: War axe           |   107 |    48 ||   155
         Headbutt          |     9 |     5 ||    14
    Use: Scroll            |     3 |       ||     3
 Armour: Scale mail        |    69 |    22 ||    91
         Chain mail        |       |    10 ||    10
  Dodge: Dodged            |    51 |    21 ||    72
  Block: Buckler           |    29 |    13 ||    42
